 Dungeon Crawl Stone Soup version 0.23.2-1-ga50397a (webtiles) character file.

Game seed: 18006229325815188985

928 xveg the Chopper (level 7, 0/62 HPs)
             Began as a White Draconian Berserker on May 16, 2019.
             Was a Priest of Trog.
             Slain by a bullfrog (7 damage)
             ... on level 6 of the Dungeon.
             The game lasted 00:07:14 (4137 turns).

xveg the Chopper (White Draconian Berserker)        Turns: 4137, Time: 00:07:15

Health: 0/62       AC:  7    Str: 21    XL:     7   Next: 85%
Magic:  7/7        EV: 14    Int:  7    God:    Trog [***...]
Gold:   316        SH:  0    Dex: 11    Spells: 6/6 levels left

rFire    . . .     SeeInvis .   a - +1 hand axe
rCold    + . .     Gourm    .   (no shield)
rNeg     . . .     Faith    .   (armour unavailable)
rPois    +         Spirit   .   q - +1 hat {MR+}
rElec    .         Reflect  .   (no cloak)
rCorr    .         Harm     .   (no gloves)
MR       +....                  (no boots)
Stlth    ++........             (no amulet)
HPRegen  0.20/turn              (no ring)
MPRegen  0.10/turn              l - ring of poison resistance

@: short of breath, berserk cooldown, slowed, very slow
A: breathe frost, unfitting armour, cold resistance 1, cold-blooded, AC +6
a: Breathe Frost, Berserk, Trog's Hand, Renounce Religion


You were on level 6 of the Dungeon.
You worshipped Trog.
Trog was most pleased with you.
You were not hungry.

You visited 1 branch of the dungeon, and saw 6 of its levels.

You collected 316 gold pieces.

Inventory:

Hand Weapons
 a - a +1 hand axe (weapon)
Armour
 q - a +1 hat of magic resistance (worn)
Jewellery
 l - a ring of poison resistance (right hand)
 t - an uncursed ring of magical power {unknown}
Wands
 u - a wand of scattershot (7)
 w - a wand of flame (14)
Scrolls
 d - 3 scrolls of remove curse
 e - 7 scrolls of identify
 f - a scroll of teleportation
 g - 2 scrolls of immolation {unknown}
 h - 2 scrolls of amnesia
 i - 2 scrolls of enchant weapon
 p - a scroll of magic mapping {unknown}
 s - a scroll of silence {unknown}
 v - a scroll of noise {unknown}
Potions
 c - a potion of heal wounds {unknown}
 j - a potion of resistance {unknown}
 k - a potion of mutation
 m - a potion of brilliance {unknown}
 n - a potion of haste {unknown}
 r - a potion of degeneration {unknown}
Comestibles
 b - 6 rations


   Skills:
 + Level 5.6 Fighting
 + Level 6.9 Axes
 + Level 4.8 Dodging
 + Level 2.0 Stealth


You had 6 spell levels left.
You didn't know any spells.
Your spell library was empty.

Dungeon Overview and Level Annotations

Branches:
Dungeon (6/15)             Temple (0/1) D:5

Altars:
Ashenzari
Cheibriados
Gozag
Makhleb
Nemelex Xobeh
Qazlal
Ru

Annotations:
D:6 3 runed translucent doors, ThisFiasco's ghost, novice HOMo


Innate Abilities, Weirdness & Mutations

You can breathe waves of freezing cold.
You can buffet flying creatures when you breathe cold.
Your icy white scales are hard. (AC +6)
You cannot fit into any form of body armour.
Your flesh is cold resistant. (rC+)
You are cold-blooded and may be slowed by cold attacks.


Message History

Trog accepts your kill.
Your Stealth skill increases to level 2!
A bullfrog comes into view.
Things that are here:
a +0 shortbow; 25 arrows; 14 stones You feel a strong urge to attack something.
You feel your anger nearly subside.
You are no longer berserk.
You are exhausted.
You feel yourself slow down.
Tossing away (i - inventory)
o - a large rock (quivered)
Press: ? - help, Shift-Dir - straight line, f - bullfrog
Aim: a bullfrog You toss away a large rock.
The large rock barely misses the bullfrog.
The bullfrog swells and bulges.
The bullfrog closely misses you. The bullfrog hits you.
* * * LOW HITPOINT WARNING * * *
Unknown command.
You closely miss the bullfrog. The bullfrog hits you!
You die...

#...... .......
F...... ##.......
######### #........
#)..(?(.# #........
#8(.....####........
#....(..#@F))...(...
#..♣....####.†......
#)....W.#..(........
###+++####.#........
#........#..........
#.#..##.............
#.#.####............
#.#..#..............
#.##...##.#...<.....


You could see a bullfrog.

Vanquished Creatures
  Edmund (D:6)
  An ice beast (D:5)
  A sky beast (D:6)
  An ogre (D:5)
  2 centaurs (D:6)
  A scorpion (D:6)
  A hound (D:2)
  2 orc priests
  An orc wizard (D:6)
  2 worker ants
  2 hound skeletons (D:4)
  5 adders
  A howler monkey skeleton (D:5)
  2 worms (D:2)
  A dart slug (D:1)
  2 leopard geckos
  13 orcs
  3 ball pythons
  11 bats
  2 giant cockroaches
  3 goblins
  5 hobgoblins
  8 jackals
  2 quokkas
  8 frilled lizards
  2 kobolds
  A quokka skeleton (D:4)
  A quokka zombie (D:6)
  9 rats
94 creatures vanquished.

Notes
Turn   | Place    | Note
-------+----------+-------------------------------------------
     0 | D:1      | xveg the Draconian Berserker began the quest for the Orb.
     0 | D:1      | Reached XP level 1. HP: 19/19 MP: 1/1
    69 | D:1      | Reached XP level 2. HP: 16/26 MP: 2/2
   718 | D:1      | Reached ** piety under Trog
   828 | D:2      | Reached XP level 3. HP: 25/33 MP: 3/3
  1179 | D:2      | Found a shattered altar of Ashenzari.
  1234 | D:2      | Found a sparkling altar of Nemelex Xobeh.
  1278 | D:2      | Found a burning altar of Makhleb.
  1286 | D:2      | Reached skill level 4 in Axes
  1286 | D:2      | Reached XP level 4. HP: 25/40 MP: 4/4
  1975 | D:3      | Found a faded altar of an unknown god.
  2102 | D:3      | Reached XP level 5. HP: 46/47 MP: 5/5
  2422 | D:3      | Found an opulent altar of Gozag.
  2422 | D:3      | Found a sacrificial altar of Ru.
  2513 | D:4      | Reached skill level 1 in Stealth
  2774 | D:4      | Found a snail-covered altar of Cheibriados.
  3176 | D:5      | Entered Level 5 of the Dungeon
  3178 | D:5      | Noticed an ogre
  3190 | D:5      | Killed an ogre
  3190 | D:5      | Reached skill level 5 in Axes
  3190 | D:5      | Reached XP level 6. HP: 39/53 MP: 6/6
  3234 | D:5      | Found a stormy altar of Qazlal.
  3251 | D:5      | Noticed an ice beast
  3261 | D:5      | Killed an ice beast
  3333 | D:5      | Found a staircase to the Ecumenical Temple.
  3549 | D:5      | Found a sacrificial altar of Ru.
  3820 | D:6      | Noticed a sky beast
  3826 | D:6      | Reached skill level 5 in Fighting
  3833 | D:6      | Reached *** piety under Trog
  3833 | D:6      | Your scales start taking on an icy white colour.
  3833 | D:6      | Reached XP level 7. HP: 21/61 MP: 7/7
  3833 | D:6      | Gained mutation: Your flesh is cold resistant. (rC+) [White
                  | Draconian growth]
  3834 | D:6      | Reached skill level 6 in Axes
  4094 | D:6      | Found a runed translucent gate.
  4094 | D:6      | Noticed ThisFiasco's ghost (novice HOMo)
  4095 | D:6      | Found a runed translucent gate.
  4095 | D:6      | Found a runed translucent gate.
  4107 | D:6      | Noticed Edmund
  4128 | D:6      | Killed Edmund
  4137 | D:6      | Slain by a bullfrog

Skill      XL: |  1  2  3  4  5  6  7 |
---------------+----------------------+-----
Dodging        | 3 4 |  4.8
Fighting       | 4 5 |  5.6
Axes           | 4 5 6 |  6.9
Stealth        | 1 2 |  2.0

Action                   |  1- 3 |  4- 6 |  7- 9 || total
-------------------------+-------+-------+-------++-------
Melee: Hand axe          |   140 |   175 |    23 ||   338
       Tailslap          |    12 |    23 |     3 ||    38
Invok: Trog's Hand       |     1 |     1 |       ||     2
       Berserk           |       |     1 |     1 ||     2
 Abil: Breathe Frost     |       |       |     1 ||     1
  Use: Scroll            |       |     6 |       ||     6
 Stab: Sleeping          |     1 |       |       ||     1
  Eat: Chunk             |     2 |     3 |       ||     5
       Ration            |       |     3 |       ||     3
Armor: Skin              |    50 |    59 |     6 ||   115
Dodge: Dodged            |   100 |   140 |    22 ||   262
